 Dungeon Crawl Stone Soup version 0.27.0-1-g7a089689b8 (webtiles) character file.

Game seed: 12014199862545180551

67 Sin92 the Skirmisher (level 4, -1/35 HPs)
             Began as a Demonspawn Fighter on Aug 5, 2021.
             Slain by Crazy Yiuf (9 damage)
             ... on level 3 of the Dungeon.
             The game lasted 00:03:15 (2653 turns).

Sin92 the Skirmisher (Demonspawn Fighter)           Turns: 2653, Time: 00:03:16

Health: -1/35      AC:  7    Str: 16    XL:     4   Next: 0%
Magic:  4/4        EV:  7    Int:  9    God:
Gold:   111        SH:  9    Dex: 14    Spells: 3/3 levels left

rFire    . . .     SeeInvis .   a - +1 war axe (freeze)
rCold    . . .     Faith    .   c - +0 kite shield
rNeg     . . .     Spirit   .   b - +0 scale mail
rPois    .         Reflect  .   (helmet restricted)
rElec    .         Harm     .   e - +0 cloak
rCorr    .         Rampage  .   (no gloves)
Will     .....                  (no boots)
Stlth    ..........             (no amulet)
HPRegen  0.11/turn              (no ring)
MPRegen  0.09/turn              (no ring)

@: no status effects
A: horns 1
a: no special abilities


You were on level 3 of the Dungeon.
You visited 1 branch of the dungeon, and saw 3 of its levels.

You collected 111 gold pieces.

Inventory:

Hand Weapons
 a - a +1 war axe of freezing (weapon)
Armour
 b - a +0 scale mail (worn)
 c - a +0 kite shield (worn)
 e - a +0 cloak (worn)
Scrolls
 g - a scroll of identify
 h - a scroll of teleportation
Potions
 d - a potion of might
 f - 2 potions of degeneration {unknown}
 i - a potion of curing {unknown}


   Skills:
 + Level 3.3 Fighting
 * Level 2.6 Axes
 + Level 3.0 Armour
 + Level 1.2 Dodging
 + Level 3.0 Shields


You had 3 spell levels left.
You didn't know any spells.
Your spell library was empty.

Dungeon Overview and Level Annotations

Branches:
Dungeon (3/15)

Altars:

Annotations:
D:3 Crazy Yiuf


Innate Abilities, Weirdness & Mutations

You have a pair of small horns on your head.


Message History

You feel agile.
You now have 95 gold pieces (gained 11).
You now have 103 gold pieces (gained 8).
There is an escape hatch in the floor here.
g - a scroll of identify Unknown command.
You now have 111 gold pieces (gained 8).
Found a mace.
Found a runed translucent door.
Unknown command.
Crazy Yiuf shouts!
Found 20 poisoned darts.
Unknown command.
Found a stone staircase leading up.
Key pressed, stopping explore.
Unknown command.
i - a pink potion Unknown command.
Key pressed, stopping explore.
Unknown command.
Unknown command.
Crazy Yiuf screams, "Gum!
East sing bush."
Unknown command.
Could not explore, unopened runed door.
Could not explore, unopened runed door.
Unknown command.
Could not explore, unopened runed door.
Unknown command.
As you open the door, it creaks loudly!
You slash Crazy Yiuf! You freeze Crazy Yiuf.
Crazy Yiuf is heavily wounded.
You block Crazy Yiuf's attack.
Crazy Yiuf hits you with a +3 quarterstaff of chaos!
You convulse!
* * * LOW HITPOINT WARNING * * *
You hit Crazy Yiuf. You freeze Crazy Yiuf.
Crazy Yiuf is heavily wounded.
Crazy Yiuf screams, "Scoff!
You song tea."
Crazy Yiuf closely misses you.
Crazy Yiuf hits you with a +3 quarterstaff of chaos!
You die...

# ###########.#.#.# ##
# ##.###..# # #.##
##.# # ### ### # # #
####♣♣ ### # ##....♣♣
♣♣#..)# ##### #
#......♣♣♣♣@g...#
#....
######.......♣..♣#...#
#.###
.......#....♣.♣♣♣ ###
#.# ....#.####♣♣♣♣♣
#.# ###.#.# ######.#
#.#.###############
#......#
#.#...............#
######.###
#.############..###
#.... #.# #..# #.###


You could see Crazy Yiuf.

Vanquished Creatures
  An adder (D:3)
  An adder zombie (D:1)
  An orc (D:3)
  6 ball pythons
  3 endoplasms
  5 giant cockroaches (D:1)
  A goblin (D:1)
  6 hobgoblins
  4 jackals (D:1)
  2 quokkas
  A ball python zombie (D:1)
  6 bats
  3 frilled lizards
  6 kobolds
  3 rats (D:1)
49 creatures vanquished.

Notes
Turn   | Place    | Note
-------+----------+-------------------------------------------
     0 | D:1      | Sin92 the Demonspawn Fighter began the quest for the Orb.
     0 | D:1      | Reached XP level 1. HP: 18/18 MP: 1/1
   185 | D:1      | Gained mutation: You have a pair of small horns on your
                  | head. [demonic ancestry]
   185 | D:1      | Reached XP level 2. HP: 24/24 MP: 2/2
   469 | D:1      | Reached skill level 1 in Dodging
   530 | D:1      | Reached XP level 3. HP: 20/29 MP: 3/3
  1030 | D:1      | Found a faded altar of an unknown god.
  2308 | D:3      | Reached XP level 4. HP: 34/35 MP: 4/4
  2446 | D:3      | Found a runed translucent door.
  2447 | D:3      | Noticed Crazy Yiuf
  2653 | D:3      | Slain by Crazy Yiuf

Illustrated notes

Levels and vault maps discovered:
D:1:      saegor_arrival_fortress, layout_loops_ring,
          hellmonk_ecumenical_altar_leap_of_faith, minmay_crystal_water
D:2:      layout_basic, chequers_serial_rivers_small_b
D:3:      layout_loops_ring, uniq_crazy_yiuf_cottage

Skill      XL: |  1  2  3 |
---------------+----------+-----
Axes           | 2 |  2.6
Dodging        | 1 |  1.2
Armour         | 3 |  3.0
Shields        | 3 |  3.0
Fighting       | |  3.3

Action                   |  1- 3 |  4- 6 || total
-------------------------+-------+-------++-------
Melee: War axe           |   120 |     2 ||   122
       Headbutt          |    13 |       ||    13
  Use: Scroll            |     5 |       ||     5
Armor: Scale mail        |    49 |       ||    49
Dodge: Dodged            |    32 |     1 ||    33
Block: Kite shield       |    76 |     1 ||    77
